3A
ALAMEDA AIRMEN @ MONROEVILLE YINZERS
09/03/2042
 
TOP OF THE 1ST
Alameda Airmen batting - Pitching for Monroeville Yinzers : RHP Jeremy Harness
Pitching: RHP Jeremy Harness
Batting: LHB Tonito Gomez 0-0: Ball
1-0: Called Strike
1-1: Ball
2-1: Ball
3-1: Base on Balls
Batting: LHB Desi Liñares 0-0: Ball
1-0: Ball
2-0: Called Strike
2-1: SINGLE (Groundball, 6MD, EV 107.5 MPH)
Tonito Gomez to second
Batting: RHB Roberto Berganza 0-0: Ball
1-0: Swinging Strike
1-1: Ball
2-1: Swinging Strike
2-2: Strikes out swinging
Batting: RHB Héctor Heredice 0-0: Ball
1-0: Fly out, F9 (Flyball, 89M, EV 89.4 MPH)
Batting: RHB Reynold Jongenelen 0-0: Fielders Choice at 2nd, 6-4 (Groundball, 6, EV 105.6 MPH)
Top of the 1st over - 0 runs, 1 hit, 0 errors, 2 left on base; Alameda 0 - Monroeville 0
BOTTOM OF THE 1ST
Monroeville Yinzers batting - Pitching for Alameda Airmen : RHP Ed Clark
Pitching: RHP Ed Clark
Batting: LHB Rashid Jeltkov 0-0: Called Strike
0-1: Ball
1-1: Called Strike
1-2: Ground out U3 (Groundball, 3, EV 104.4 MPH)
Batting: SHB Chong-hun Cho 0-0: Called Strike
0-1: Ball
1-1: Called Strike
1-2: Ball
2-2: Ball
3-2: Base on Balls
Batting: LHB Gustavo Gonzáles 0-0: Swinging Strike
0-1: Fielders Choice at 2nd, 4-6 (Groundball, 4, EV 99.4 MPH)
Batting: RHB Rubén Camacho 0-0: Ball
1-0: Foul Ball, location: 2F
1-1: Foul Ball, location: 2F
1-2: Foul Ball, location: 2F
1-2: Ball
2-2: Fly out, F8 (Flyball, 89M, EV 92.5 MPH)
Bottom of the 1st over - 0 runs, 0 hits, 0 errors, 1 left on base; Alameda 0 - Monroeville 0
TOP OF THE 2ND
Alameda Airmen batting - Pitching for Monroeville Yinzers : RHP Jeremy Harness
Batting: RHB César Jiménez 0-0: Swinging Strike
0-1: Foul Ball, location: 2F
0-2: Ball
1-2: Foul Ball, location: 2F
1-2: Strikes out looking
Batting: RHB Augusto Hernández 0-0: Ball
1-0: Ball
2-0: Ground out 6-3 (Groundball, 6, EV 90.0 MPH)
Batting: RHB Sergio Estrada 0-0: Called Strike
0-1: Ball
1-1: Called Strike
1-2: Strikes out looking
Top of the 2nd over - 0 runs, 0 hits, 0 errors, 0 left on base; Alameda 0 - Monroeville 0
BOTTOM OF THE 2ND
Monroeville Yinzers batting - Pitching for Alameda Airmen : RHP Ed Clark
Batting: RHB Dave Hall 0-0: Called Strike
0-1: Ball
1-1: Swinging Strike
1-2: Strikes out swinging
Batting: LHB Stan James 0-0: Ball
1-0: Ball
2-0: Ball
3-0: Base on Balls
Batting: SHB John Clay 0-0: SINGLE (Groundball, 4MD, EV 106.9 MPH)
Stan James to second
Batting: RHB Mike Sackett 0-0: Called Strike
Stan James steals 3rd base
0-1: Ball
1-1: Ball
2-1: Ball
3-1: Foul Ball, location: 2F
3-2: Strikes out swinging
Batting: RHB Christian Bray 0-0: Called Strike
0-1: Called Strike
0-2: Ball
1-2: Strikes out looking
Bottom of the 2nd over - 0 runs, 1 hit, 0 errors, 2 left on base; Alameda 0 - Monroeville 0
TOP OF THE 3RD
Alameda Airmen batting - Pitching for Monroeville Yinzers : RHP Jeremy Harness
Batting: SHB Jaime Juárez 0-0: Ground out 6-3 (Groundball, 6, EV 86.9 MPH)
Batting: LHB Tonito Gomez 0-0: Called Strike
0-1: Fly out, F9 (Flyball, 89D, EV 100.0 MPH)
Batting: LHB Desi Liñares 0-0: Called Strike
0-1: Foul Ball, location: 2F
0-2: Ball
1-2: Ball
2-2: DOUBLE (Line Drive, 78XD, EV 105.0 MPH)
Batting: RHB Roberto Berganza 0-0: Foul Ball, location: 2F
0-1: Ball
1-1: Ball
2-1: Foul Ball, location: 2F
2-2: Strikes out swinging
Top of the 3rd over - 0 runs, 1 hit, 0 errors, 1 left on base; Alameda 0 - Monroeville 0
BOTTOM OF THE 3RD
Monroeville Yinzers batting - Pitching for Alameda Airmen : RHP Ed Clark
Batting: LHB Rashid Jeltkov 0-0: Ground out U3 (Groundball, 3, EV 98.1 MPH)
Batting: SHB Chong-hun Cho 0-0: Foul Ball, location: 2F
0-1: Ball
1-1: Ground out 4-3 (Groundball, 4, EV 84.4 MPH)
Batting: LHB Gustavo Gonzáles 0-0: Called Strike
0-1: Fly out, F9 (Flyball, 89S, EV 85.0 MPH)
Bottom of the 3rd over - 0 runs, 0 hits, 0 errors, 0 left on base; Alameda 0 - Monroeville 0
TOP OF THE 4TH
Alameda Airmen batting - Pitching for Monroeville Yinzers : RHP Jeremy Harness
Batting: RHB Héctor Heredice 0-0: Ball
1-0: Foul Ball, location: 2F
1-1: Ground out 4-3 (Groundball, 4, EV 86.9 MPH)
Batting: RHB Reynold Jongenelen 0-0: Foul Ball, location: 2F
0-1: Ball
1-1: SINGLE (Line Drive, 34D, EV 98.1 MPH)
Batting: RHB César Jiménez 0-0: Called Strike
0-1: Ball
1-1: Ball
2-1: Ball
3-1: Swinging Strike
3-2: Strikes out looking
Batting: RHB Augusto Hernández 0-0: Fly out, F6 (Line Drive, 6, EV 76.2 MPH)
Top of the 4th over - 0 runs, 1 hit, 0 errors, 1 left on base; Alameda 0 - Monroeville 0
BOTTOM OF THE 4TH
Monroeville Yinzers batting - Pitching for Alameda Airmen : RHP Ed Clark
Batting: RHB Rubén Camacho 0-0: Ball
1-0: Ball
2-0: Swinging Strike
2-1: Fly out, F9 (Line Drive, 9D, EV 90.6 MPH)
Batting: RHB Dave Hall 0-0: Ball
1-0: Ball
2-0: SINGLE (Groundball, 34D, EV 103.1 MPH)
Batting: LHB Stan James 0-0: Called Strike
0-1: Ball
1-1: Ball
2-1: Foul Ball, location: 2F
2-2: DOUBLE (Flyball, 8RD, EV 101.9 MPH)
Dave Hall to third
Batting: SHB John Clay 0-0: Ground out U3 (Groundball, 3, EV 91.9 MPH)
Batting: RHB Mike Sackett 0-0: Ball
1-0: Ball
2-0: Swinging Strike
2-1: Swinging Strike
2-2: Foul Ball, location: 2F
2-2: Strikes out looking
Bottom of the 4th over - 0 runs, 2 hits, 0 errors, 2 left on base; Alameda 0 - Monroeville 0
TOP OF THE 5TH
Alameda Airmen batting - Pitching for Monroeville Yinzers : RHP Jeremy Harness
Batting: RHB Sergio Estrada 0-0: Called Strike
0-1: Ball
1-1: SINGLE (Groundball, 56D, EV 95.6 MPH)
Batting: SHB Jaime Juárez 0-0: Ball
1-0: Ground out 5-3 (Groundball, 56, EV 76.2 MPH)
Sergio Estrada to second
Batting: LHB Tonito Gomez 0-0: Ball
1-0: Ball
2-0: Called Strike
2-1: Ground out 4-3 (Groundball, 4, EV 93.8 MPH)
Sergio Estrada to third
Batting: LHB Desi Liñares 0-0: Ball
1-0: Ball
2-0: Called Strike
2-1: Swinging Strike
2-2: Strikes out swinging
Top of the 5th over - 0 runs, 1 hit, 0 errors, 1 left on base; Alameda 0 - Monroeville 0
BOTTOM OF THE 5TH
Monroeville Yinzers batting - Pitching for Alameda Airmen : RHP Ed Clark
Batting: RHB Christian Bray 0-0: Swinging Strike
0-1: Ball
1-1: Ball
2-1: Foul Ball, location: 2F
2-2: Fly out, F6 (Line Drive, 6, EV 61.9 MPH)
Batting: LHB Rashid Jeltkov 0-0: Ball
1-0: Foul Ball, location: 2F
1-1: Called Strike
1-2: Ball
2-2: Ground out 4-3 (Groundball, 4, EV 85.6 MPH)
Batting: SHB Chong-hun Cho 0-0: Called Strike
0-1: Foul Ball, location: 2F
0-2: Foul Ball, location: 2F
0-2: Ball
1-2: Ball
2-2: Foul Ball, location: 2F
2-2: SINGLE (Groundball, 3S, EV 86.9 MPH) (infield hit)
Batting: LHB Gustavo Gonzáles 0-0: Called Strike
Chong-hun Cho steals 2nd base
0-1: Called Strike
0-2: Strikes out looking
Bottom of the 5th over - 0 runs, 1 hit, 0 errors, 1 left on base; Alameda 0 - Monroeville 0
TOP OF THE 6TH
Alameda Airmen batting - Pitching for Monroeville Yinzers : RHP Jeremy Harness
Batting: RHB Roberto Berganza 0-0: Called Strike
0-1: Called Strike
0-2: Foul Ball, location: 2F
0-2: Ground out 5-3 (Groundball, 56, EV 78.1 MPH)
Batting: RHB Héctor Heredice 0-0: Ball
1-0: Called Strike
1-1: Ball
2-1: Foul Ball, location: 2F
2-2: Foul Ball, location: 2F
2-2: Ground out 6-3 (Groundball, 6, EV 87.5 MPH)
Batting: RHB Reynold Jongenelen 0-0: Foul Ball, location: 2F
0-1: Ball
1-1: Swinging Strike
1-2: Ball
2-2: Ball
3-2: Foul Ball, location: 2F
3-2: Ground out 5-3 (Groundball, 56, EV 85.6 MPH)
Top of the 6th over - 0 runs, 0 hits, 0 errors, 0 left on base; Alameda 0 - Monroeville 0
BOTTOM OF THE 6TH
Monroeville Yinzers batting - Pitching for Alameda Airmen : RHP Ed Clark
Batting: RHB Rubén Camacho 0-0: Fly out, F8 (Flyball, 8RS, EV 75.0 MPH)
Batting: RHB Dave Hall 0-0: Ball
1-0: Called Strike
1-1: Ball
2-1: Ball
3-1: Fly out, F9 (Flyball, 89S, EV 89.4 MPH)
Batting: LHB Stan James 0-0: Called Strike
0-1: Called Strike
0-2: Strikes out swinging
Bottom of the 6th over - 0 runs, 0 hits, 0 errors, 0 left on base; Alameda 0 - Monroeville 0
TOP OF THE 7TH
Alameda Airmen batting - Pitching for Monroeville Yinzers : RHP Jeremy Harness
Batting: RHB César Jiménez 0-0: Ball
1-0: Ball
2-0: Ball
3-0: Called Strike
3-1: Base on Balls
Pitching: RHP Donovan Poe
Batting: RHB Augusto Hernández 0-0: Ball
1-0: Bunt missed!
1-1: Bunted foul
1-2: Foul Ball, location: 2F
1-2: SINGLE (Flyball, 78S, EV 88.1 MPH)
César Jiménez to second
Pinch Runner at 2nd Eric Davis:
Batting: RHB Sergio Estrada 0-0: Ball
1-0: Ball
2-0: Fielders Choice at 2nd, 5-4 (Groundball, 56, EV 85.0 MPH)
Eric Davis to third
Batting: SHB Jaime Juárez 0-0: Ball
1-0: Ball
2-0: Swinging Strike
2-1: Ball
3-1: Called Strike
3-2: Foul Ball, location: 2F
3-2: SINGLE (Groundball, 3, EV 85.0 MPH) (infield hit)
Eric Davis scores
Sergio Estrada to second
Pitching: LHP Jasper In de Boomgaert
Batting: LHB Tonito Gomez 0-0: Ball
1-0: Ball
2-0: Ball
Wild Pitch!
Sergio Estrada to third
Jaime Juárez to second
3-0: Called Strike
3-1: Base on Balls
Batting: LHB Desi Liñares 0-0: Ball
1-0: Ball
2-0: Called Strike
2-1: Grounds into double play, 4-2-3 (Groundball, 4S, EV 77.5 MPH)
Top of the 7th over - 1 run, 2 hits, 0 errors, 2 left on base; Alameda 1 - Monroeville 0
BOTTOM OF THE 7TH
Monroeville Yinzers batting - Pitching for Alameda Airmen : RHP Ed Clark
Pitching: RHP José Juárez
Now at SS: Yosuke Konishi
Batting: SHB John Clay 0-0: Foul Ball, location: 2F
0-1: Called Strike
0-2: Ball
1-2: Strikes out looking
Batting: RHB Mike Sackett 0-0: Swinging Strike
0-1: Ball
1-1: Ball
2-1: Called Strike
2-2: Foul Ball, location: 2F
2-2: Foul Ball, location: 2F
2-2: Fly out, F8 (Flyball, 89M, EV 75.0 MPH)
Batting: RHB Christian Bray 0-0: SINGLE (Line Drive, 7S, EV 95.6 MPH)
Batting: LHB Rashid Jeltkov 0-0: Foul Ball, location: 2F
0-1: Foul Ball, location: 2F
0-2: Ball
1-2: Foul Ball, location: 2F
1-2: DOUBLE (Line Drive, 5D, EV 99.4 MPH)
Christian Bray to third
Runner from 3rd tries for Home, SAFE, throw by LF to home
Batting: SHB Chong-hun Cho 0-0: Foul Ball, location: 2F
0-1: Ball
1-1: Foul Ball, location: 2F
1-2: Ball
2-2: Ball
3-2: Foul Ball, location: 2F
3-2: Fly out, F8 (Flyball, 8RD, EV 98.8 MPH)
Bottom of the 7th over - 1 run, 2 hits, 0 errors, 1 left on base; Alameda 1 - Monroeville 1
TOP OF THE 8TH
Alameda Airmen batting - Pitching for Monroeville Yinzers : LHP Jasper In de Boomgaert
Batting: RHB Roberto Berganza 0-0: Called Strike
0-1: Ball
1-1: Fly out, F6 (Line Drive, 6, EV 70.0 MPH)
Batting: RHB Héctor Heredice 0-0: Foul Ball, location: 2F
0-1: Ball
1-1: Ball
2-1: Ground out 5-3 (Groundball, 56S, EV 75.0 MPH)
Pitching: RHP Carlos Guerrero
Batting: RHB Reynold Jongenelen 0-0: Called Strike
0-1: Foul Ball, location: 2F
0-2: Ball
1-2: Ball
2-2: Ball
3-2: Ground out 6-3 (Groundball, 6, EV 102.5 MPH)
Top of the 8th over - 0 runs, 0 hits, 0 errors, 0 left on base; Alameda 1 - Monroeville 1
BOTTOM OF THE 8TH
Monroeville Yinzers batting - Pitching for Alameda Airmen : RHP José Juárez
Batting: LHB Gustavo Gonzáles 0-0: Swinging Strike
0-1: Ball
1-1: Swinging Strike
1-2: Ball
2-2: Strikes out swinging
Batting: RHB Rubén Camacho 0-0: Ball
1-0: Swinging Strike
1-1: Ground out 5-3 (Groundball, 5L, EV 82.5 MPH)
Batting: RHB Dave Hall 0-0: Ball
1-0: Ball
2-0: Foul Ball, location: 2F
2-1: Ball
3-1: Base on Balls
Batting: LHB Stan James 0-0: Ball
1-0: Ball
2-0: Called Strike
2-1: DOUBLE (Line Drive, 78D, EV 96.9 MPH)
Dave Hall to third
Runner from 3rd tries for Home, SAFE, no throw by LF
Pitching: RHP Héctor Salazar
Batting: SHB John Clay 0-0: Foul Ball, location: 2F
0-1: Foul Ball, location: 2F
0-2: Ball
1-2: Ball
2-2: Foul Ball, location: 2F
2-2: Ball
3-2: Base on Balls
Batting: RHB Mike Sackett 0-0: Called Strike
0-1: Swinging Strike
0-2: Ball
1-2: Strikes out looking
Bottom of the 8th over - 1 run, 1 hit, 0 errors, 2 left on base; Alameda 1 - Monroeville 2
TOP OF THE 9TH
Alameda Airmen batting - Pitching for Monroeville Yinzers : RHP Carlos Guerrero
Pitching: RHP Sidd Finch
Batting: RHB Yosuke Konishi 0-0: Ball
1-0: Called Strike
1-1: Ball
2-1: SINGLE (Groundball, 6D, EV 107.5 MPH)
Batting: RHB Augusto Hernández 0-0: Ball
1-0: Bunted foul
1-1: Sac Bunt to 25 - play at first, batter OUT! 5-4
Yosuke Konishi to second
Batting: RHB Sergio Estrada 0-0: Called Strike
0-1: Foul Ball, location: 2F
0-2: Ball
1-2: Foul Ball, location: 2F
1-2: Ball
2-2: SINGLE (Groundball, 6MD, EV 103.1 MPH)
Yosuke Konishi to third
Runner from 3rd tries for Home, SAFE, no throw by CF
Batting: SHB Jaime Juárez 0-0: Fielders Choice at 2nd, 3-6 (Groundball, 34, EV 111.9 MPH)
Batting: LHB Tonito Gomez 0-0: Ball
1-0: Called Strike
Jaime Juárez steals 2nd base
1-1: Ball
2-1: Fly out, F6 (Popup, 6MS, EV 80.6 MPH)
Top of the 9th over - 1 run, 2 hits, 0 errors, 1 left on base; Alameda 2 - Monroeville 2
BOTTOM OF THE 9TH
Monroeville Yinzers batting - Pitching for Alameda Airmen : RHP Héctor Salazar
Pinch Hitting: SHB Jason Pratt 0-0: Ball
1-0: Foul Ball, location: 2F
1-1: Ball
2-1: Foul Ball, location: 2F
2-2: Strikes out looking
Batting: LHB Rashid Jeltkov 0-0: Called Strike
0-1: Swinging Strike
0-2: Ball
1-2: Ball
2-2: Foul Ball, location: 2F
2-2: Strikes out looking
Batting: SHB Chong-hun Cho 0-0: Called Strike
0-1: Ground out 3-1 (Groundball, 34S, EV 86.2 MPH)
Bottom of the 9th over - 0 runs, 0 hits, 0 errors, 0 left on base; Alameda 2 - Monroeville 2
TOP OF THE 10TH
Alameda Airmen batting - Pitching for Monroeville Yinzers : RHP Sidd Finch
Pitching: RHP Rob Lee
Now at C: Drake Riley Jr.
Batting: LHB Desi Liñares 0-0: Ball
1-0: Foul Ball, location: 2F
1-1: Ball
2-1: Called Strike
2-2: Ball
3-2: Foul Ball, location: 2F
3-2: Strikes out swinging
Batting: RHB Roberto Berganza 0-0: Ball
1-0: Foul Ball, location: 2F
1-1: Ball
2-1: Ball
3-1: Foul Ball, location: 2F
3-2: Base on Balls
Batting: RHB Héctor Heredice 0-0: Ball
1-0: Called Strike
1-1: Foul Ball, location: 2F
1-2: SINGLE (Groundball, 6S, EV 61.9 MPH) (infield hit)
Roberto Berganza to second
Batting: RHB Reynold Jongenelen 0-0: SINGLE (Groundball, 6MD, EV 105.6 MPH)
Roberto Berganza to third
Héctor Heredice to second
Runner from 3rd tries for Home, SAFE, no throw by CF
Batting: RHB Yosuke Konishi 0-0: TRIPLE (Line Drive, 89XD, EV 95.6 MPH)
Héctor Heredice scores
Reynold Jongenelen scores
Batting: RHB Augusto Hernández 0-0: Ball
1-0: Ball
2-0: Ball
3-0: Called Strike
3-1: Swinging Strike
3-2: SINGLE (Groundball, 56D, EV 101.2 MPH)
Yosuke Konishi scores
Batting: RHB Sergio Estrada 0-0: Foul Ball, location: 2F
0-1: Ball
1-1: SINGLE (Line Drive, 6MD, EV 95.6 MPH)
Augusto Hernández to second
Batting: SHB Jaime Juárez 0-0: Ground out 6-3 (Groundball, 6, EV 85.0 MPH)
Augusto Hernández to third
Sergio Estrada to second
Batting: LHB Tonito Gomez 0-0: Ball
1-0: SINGLE (Line Drive, 78S, EV 86.2 MPH)
Augusto Hernández scores
Sergio Estrada to third
Runner from 3rd tries for Home, SAFE, no throw by LF
Batting: LHB Desi Liñares 0-0: Ball
1-0: Foul Ball, location: 2F
1-1: SINGLE (Groundball, 15S, EV 66.2 MPH) (infield hit)
Tonito Gomez to second
Batting: RHB Roberto Berganza 0-0: Ball
1-0: SINGLE (Line Drive, 78M, EV 87.5 MPH)
Tonito Gomez to third
Desi Liñares to second
Runner from 3rd tries for Home, SAFE, throw by LF to home
Batting: RHB Héctor Heredice 0-0: Foul Ball, location: 2F
0-1: Foul Ball, location: 2F
0-2: SINGLE (Line Drive, 7LS, EV 87.5 MPH)
Desi Liñares to third
Roberto Berganza to second
Runner from 3rd tries for Home, SAFE, throw by LF to home
Pitching: RHP Gustaf Steur
Batting: RHB Reynold Jongenelen 0-0: Ball
1-0: DOUBLE (Flyball, 89XD, EV 115.0 MPH)
Roberto Berganza scores
Héctor Heredice to third
Batting: RHB Yosuke Konishi 0-0: Called Strike
0-1: Fly out, F7 (Flyball, 78D, EV 83.8 MPH)
Top of the 10th over - 9 runs, 10 hits, 0 errors, 2 left on base; Alameda 11 - Monroeville 2
BOTTOM OF THE 10TH
Monroeville Yinzers batting - Pitching for Alameda Airmen : RHP Héctor Salazar
Batting: LHB Gustavo Gonzáles 0-0: Ball
1-0: Ball
2-0: Foul Ball, location: 2F
2-1: Called Strike
2-2: Strikes out swinging
Batting: RHB Rubén Camacho 0-0: Ball
1-0: Ball
2-0: Ball
3-0: Ground out 6-3 (Groundball, 56, EV 76.2 MPH)
Batting: RHB Dave Hall 0-0: Foul Ball, location: 2F
0-1: Foul Ball, location: 2F
0-2: Ball
1-2: Ball
2-2: Strikes out swinging
Bottom of the 10th over - 0 runs, 0 hits, 0 errors, 0 left on base; Alameda 11 - Monroeville 2
Friday, March 26th, 2021 - OOTP Baseball 20.8 Build 74